AoeStats
← CTM | Grabiel

Nomad

503701761Analyzed
4v4 RM · 1mo ago on Sep 1, 2026· 40m 16s· 8 players
Game mode
Random Map
Map size
231×231
Population
200
Speed
Normal
Resources
Standard
Victory
Conquest
Starting age
Dark Age
Ending age
Imperial Age
RankedLock teamsTeams togetherTeam positionsShared explorationLock speedFull tech treeHidden civsTurbo modeCheats
Victory
Defeat
🇨🇴 Franks · Colombia
1671
+8
🇸🇪 Berbers · Sweden
1649
+9
🇲🇦 Koreans · Morocco
1578
+12
🇦🇷 Maya · Argentina
1572
+12
🇦🇷 Inca · Argentina
1581
-14
🇦🇷 Mongols · Argentina
1485
-10
🇧🇴 Huns · Bolivia
1462
-9
🇵🇪 Dravidians · Peru
1446
-9
The .Gocho
3:46 Loom
13:01 Feudal Age
14:23 Town Watch
17:05 Castle Age
17:09 Double-Bit Axe
20:40 Forging
29:10 Husbandry
29:51 Scale Barding Armor
30:22 Iron Casting
31:05 Chain Barding Armor
30:37 Fletching
30:52 Fishing Lines
32:07 Wheelbarrow
36:41 Imperial Age
35:05 Gold Mining
36:44 Cavalier
37:06 Capped Ram
38:55 Plate Barding Armor
39:30 Gold Shaft Mining
40:10 Light Cavalry
Samara
5:00 Loom
14:16 Feudal Age
17:54 Castle Age
15:51 Double-Bit Axe
15:58 Gold Mining
17:11 Fletching
17:39 Fishing Lines
19:20 Bow Saw
19:07 Bodkin Arrow
20:48 Gillnets
30:07 Ballistics
31:31 Gold Shaft Mining
36:41 Imperial Age
35:06 Wheelbarrow
36:45 Elite War Wagon
38:06 Conscription
38:51 Chemistry
38:12 Bracer
38:28 Hand Cart
37:59 Town Watch
38:33 Stone Mining
Great Serbia
5:21 Loom
14:26 Feudal Age
14:57 Double-Bit Axe
14:59 Fishing Lines
16:45 Wheelbarrow
18:08 Gold Mining
20:41 Castle Age
18:36 Fletching
21:22 Gillnets
21:45 Bow Saw
21:34 Bodkin Arrow
22:00 Medium Warships
22:36 Gold Shaft Mining
23:16 Scale Barding Armor
23:23 Forging
26:08 Chain Barding Armor
27:16 Iron Casting
27:27 Bloodlines
27:18 Husbandry
27:59 Hand Cart
28:23 Horse Collar
29:47 Stone Mining
31:34 Heavy Plow
36:20 Imperial Age
36:23 Cavalier
37:40 Plate Barding Armor
38:07 Blast Furnace
37:37 Conscription
37:29 Town Watch
38:24 Heavy Camel Rider
TM Caesar
4:13 Loom
12:56 Feudal Age
16:43 Castle Age
15:58 Fletching
18:14 Double-Bit Axe
18:42 Bodkin Arrow
29:18 Town Watch
35:17 Wheelbarrow
CTM | Grabiel
8:30 Loom
12:41 Feudal Age
13:57 Double-Bit Axe
16:20 Castle Age
15:36 Scale Mail Armor
15:11 Champi Runner
16:43 Champi Warrior
17:39 Squires
30:15 Horse Collar
Hao_Arg
3:41 Loom
13:32 Feudal Age
17:35 Castle Age
16:39 Double-Bit Axe
16:47 Gold Mining
19:04 Fletching
21:28 Bodkin Arrow
23:23 Husbandry
25:41 Bow Saw
25:36 Horse Collar
27:46 Wheelbarrow
28:55 Heavy Plow
39:39 Imperial Age
37:41 Ballistics
38:17 Bloodlines
39:03 Thumb Ring
40:45 Padded Archer Armor
40:48 Bracer
CTM | KLIN
4:48 Loom
13:53 Feudal Age
17:46 Castle Age
15:35 Double-Bit Axe
15:54 Fletching
17:06 Horse Collar
18:54 Bow Saw
21:46 Bodkin Arrow
24:48 Padded Archer Armor
26:37 Leather Archer Armor
30:11 Wheelbarrow
31:23 Ballistics
32:03 Town Watch
35:55 Imperial Age
33:20 Gold Mining
33:20 Stone Mining
34:13 Thumb Ring
39:06 Squires
38:27 Pikeman
38:54 Elite Elephant Archer
40:25 Forging
yecjoel
13:23 Feudal Age
13:56 Double-Bit Axe
17:58 Loom
21:11 Castle Age
21:05 Bloodlines
21:01 Scale Barding Armor
21:43 Stone Mining
22:20 Bow Saw
21:52 Horse Collar
22:55 Fletching
24:31 Husbandry
25:17 Marauders
26:30 Gold Mining
27:18 Wheelbarrow
27:16 Medium Warships
27:17 Heavy Plow
31:10 Forging
36:51 Imperial Age
37:02 Iron Casting
38:54 Pikeman
39:37 Scale Mail Armor
39:59 Squires
40:23 Hand Cart
40:58 Chain Mail Armor
Connection lost

Rejoining the realm…

Still unreachable

The connection could not be restored.

Session expired

The server has moved on; the page needs a fresh start.